 Dungeon Crawl Stone Soup version 0.30.1 (webtiles) character file.

Game seed: 4617397747422519923

92 cdecastro the Magician (level 4, -1/33 HPs)
             Began as a Djinni Hedge Wizard on July 10, 2023.
             Slain by a goblin
             ... wielding a +0 dagger
             ... led by Robin
              (2 damage)
             ... on level 3 of the Dungeon.
             The game lasted 00:03:41 (1741 turns).

cdecastro the Magician (Djinni Hedge Wizard)        Turns: 1741, Time: 00:03:41

Health: -1/33      AC:  2    Str:  9    XL:     4   Next: 90%
Gold:   47         EV: 12    Int: 18    God:
                   SH:  0    Dex: 12

rFire   + + .        a - +0 dagger
rCold   x . .        (no shield)
rNeg    . . .        b - +0 robe
rPois   ∞            c - +0 hat
rElec   .            (no cloak)
rCorr   .            (no gloves)
SInv    .            (boots unavailable)
Will    .....        (no amulet)
Stlth   ++           (no ring)
HPRegen 0.25/turn    (no ring)
MPRegen 0.00/turn

%: infuse magic (-2 HP)
@: flying
A: sickness immunity, fire resistance 2, cold vulnerability 1, float, innate
caster, HP casting, extra vitality 1
a: no special abilities


You were on level 3 of the Dungeon.
You visited 1 branch of the dungeon, and saw 3 of its levels.

You collected 47 gold pieces.

Inventory:

Hand Weapons
 a - a +0 dagger (weapon)
Missiles
 n - 6 poisoned darts
Armour
 b - a +0 robe (worn)
 c - a +0 hat (worn)
Magical Staves
 m - a staff of cold
Jewellery
 h - a ring of protection from fire
 i - a ring of fire
Scrolls
 d - 4 scrolls of identify {unknown}
 e - a scroll of teleportation {unknown}
 g - a scroll of summoning {unknown}
 k - a scroll of fear {unknown}
 l - a scroll of enchant armour {unknown}
Potions
 f - a potion of brilliance {unknown}
 j - 3 potions of curing {unknown}
 o - a potion of lignification {unknown}


   Skills:
 + Level 2.1 Fighting
 - Level 2.1 Dodging
 - Level 1.5 Stealth
 * Level 3.6 Spellcasting


You knew the following spells:

 Your Spells              Type           Power      Damage    Failure   Level
a - Magic Dart            Conj           64%        1d6       3%          1
b - Slow                  Hex            64%        N/A       3%          1
c - Blink                 Tloc           32%        N/A       5%          2
d - Call Imp              Summ           32%        N/A       5%          2
e - Mephitic Cloud        Conj/Pois/Air  16%        N/A       11%         3
f - Summon Small Mammal   Summ           64%        N/A       3%          1
Your spell library was empty.

Dungeon Overview and Level Annotations

Branches:
Dungeon (3/15)

Altars:

Shops:
D:1 [

Annotations:
D:3 Natasha, Robin


Innate Abilities, Weirdness & Mutations

You are immune to sickness and miasma.
You are immune to poison.
Your flesh is very heat resistant. (rF++)
You are vulnerable to cold. (rC-)
You float through the air rather than walking.
You learn spells naturally, not from books.
Your magical power is your life essence.
You have superior vitality. (+4 MHP)


Message History

Aiming: Magic Dart (safe; 3% risk of failure)
Press: ? - help, Q - select action, (/) - cycle Shift-Dir - straight line, f/p - Robin
Aim: Robin, wielding a +0 short sword, wearing a +0 animal skin and wearing a +0 helmet (moderately wounded, ally target, 100% to hit)
The magic dart hits Robin.
Robin is heavily wounded.
* * * LOW HITPOINT WARNING * * *
Your cerulean imp hits Robin but does no damage.
Robin misses you.
Aiming: Magic Dart (safe; 3% risk of failure)
Press: ? - help, Q - select action, (/) - cycle Shift-Dir - straight line, f/p - Robin
Aim: Robin, wielding a +0 short sword, wearing a +0 animal skin and wearing a +0 helmet (heavily wounded, ally target, 100% to hit)
The magic dart hits Robin but does no damage.
Robin is heavily wounded.
* * * LOW HITPOINT WARNING * * *
Your cerulean imp hits Robin from afar with a -3 spear.
Robin hits you with a +0 short sword.
* * * LOW HITPOINT WARNING * * *
You swap places.
Your cerulean imp hits Robin but does no damage.
Robin misses your cerulean imp.
You see here a +0 club.
Unknown command.
Unknown command.
Your cerulean imp hits Robin but does no damage.
Robin throws the goblin at you!
Unknown command.
Natasha, Servant of Life and Death comes into view.
Natasha moves out of view.
You see here a +0 dagger.
The goblin attacks as you move away! The goblin hits you with a +0 dagger.
* * * LOW HITPOINT WARNING * * *
Your cerulean imp closely misses the goblin.
Something misses your cerulean imp.
Casting: Magic Dart (safe; 3% risk of failure)
Confirm with . or Enter, or press ? or * to list all spells.
* * * LOW HITPOINT WARNING * * *
The goblin hits you but does no damage.
Unknown command.
The goblin attacks as you move away! The goblin hits you with a +0 dagger.
You die...

# ### ..# ..#
..###################
..............b.@g5.#
.....##############g#
<......# #.# .....#.#
#g# .....#.# #.g..)#
.....#.# #)#####
.....#.# .....#.#
.....#.#


You could see Robin, a goblin (ally target), a friendly cerulean imp (summoned)
and a friendly bat (summoned).

Vanquished Creatures
  2 adders (D:2)
  A worm (D:3)
  3 dart slugs (D:1)
  7 ball pythons
  5 bats
  5 endoplasms
  3 giant cockroaches
  4 goblins
  8 hobgoblins
  3 quokkas
  4 frilled lizards
  2 kobolds (D:1)
  5 rats
52 creatures vanquished.

Vanquished Creatures (collateral kills)
  2 worms (D:2)
  A hobgoblin (D:2)
  A kobold (D:2)
4 creatures vanquished.

Grand Total: 56 creatures vanquished

Notes
Turn   | Place    | Note
-------+----------+-------------------------------------------
     0 | D:1      | cdecastro the Djinni Hedge Wizard began the quest for the
                  | Orb.
     0 | D:1      | cdecastro set off with the following spells memorised:
                  | Magic Dart, Slow, Blink, Call Imp, Mephitic Cloud.
     0 | D:1      | Reached XP level 1. HP: 15/15 MP: 0/0
    77 | D:1      | Reached XP level 2. HP: 20/22 MP: 0/0
   223 | D:1      | Reached skill level 1 in Fighting
   358 | D:1      | Found Vewaustro's Antique Armour Boutique.
   439 | D:1      | Reached XP level 3. HP: 20/27 MP: 0/0
   439 | D:1      | Learned a level 1 spell: Summon Small Mammal
   471 | D:1      | Reached skill level 3 in Spellcasting
   494 | D:1      | Found a faded altar of an unknown god.
   774 | D:1      | You are sucked into a shaft and drop 1 floor!
  1098 | D:2      | Reached XP level 4. HP: 28/33 MP: 0/0
  1725 | D:3      | Noticed Robin
  1738 | D:3      | Noticed Natasha
  1739 | D:3      | HP: 1/33 [goblin/+0 dagger[Robin] (3)]
  1741 | D:3      | Slain by a goblin

Illustrated notes

Levels and vault maps discovered:
D:1:      dpeg_arrival_rooms_with_view, layout_loops_ring,
          hellmonk_ecumenical_altar_defaced_shrine, serial_shops,
          nicolae_shop_real_fake_doors, minmay_tetromino_i2
D:2:      layout_loops_cross
D:3:      layout_basic, yredelemnul_altar_generic, hangedman_decor_points,
          uniq_ijyb, uniq_natasha, uniq_grinder, uniq_sigmund, uniq_robin

Skill      XL: |  1  2  3  4 |
---------------+-------------+-----
Fighting       | 1 2 |  2.1
Spellcasting   | 3 |  3.6
Dodging        | |  2.1
Stealth        | |  1.5

Action                     |  1- 3 |  4- 6 || total
---------------------------+-------+-------++-------
  Melee: Dagger            |    18 |    20 ||    38
         Punch             |     2 |       ||     2
   Cast: Magic Dart        |    82 |    50 ||   132
         Call Imp          |     5 |     1 ||     6
         Summon Small Mamm |       |     1 ||     1
 Armour: Robe              |     3 |     5 ||     8
  Dodge: Dodged            |    22 |    14 ||    36
